AoeStats
← anil44

Black Forest

509934396Analyzed
4v4 RM · 3d ago on Sep 28, 2026· 49m 20s· 8 players
Game mode
Random Map
Map size
Large (8 player)
Population
200
Speed
Normal
Resources
Standard
Victory
Conquest
Starting age
Dark Age
Ending age
Imperial Age
RankedLock teamsTeams togetherTeam positionsShared explorationLock speedFull tech treeHidden civsTurbo modeCheats
Victory
Defeat
🇨🇱 Hindustanis · Chile
923
+13
🇹🇷 Huns · Türkiye
917
+13
🇹🇷 Saxons · Türkiye
907
+13
🇮🇹 Bohemians · Italy
874
+15
🇩🇪 Vietnamese · Germany
960
-17
🇩🇪 Persians · Germany
935
-47
🇩🇪 Maya · Germany
888
-15
🇬🇧 Huns · United Kingdom
616
-11
[JRA]BATU
12:02 Feudal Age
18:13 Castle Age
17:09 Double-Bit Axe
17:22 Horse Collar
17:56 Bloodlines
18:11 Gold Mining
28:26 Scale Barding Armor
30:20 Wheelbarrow
29:32 Town Watch
31:12 Heavy Plow
31:28 Bow Saw
31:16 Stone Mining
32:25 Gold Shaft Mining
35:09 Imperial Age
33:26 Chain Barding Armor
33:29 Caravan
35:59 Husbandry
35:23 Cavalier
36:16 Forging
36:35 Conscription
38:21 Plate Barding Armor
38:23 Iron Casting
42:13 Blast Furnace
43:00 Paladin
ReinHardt2737
1:55 Loom
12:16 Feudal Age
13:19 Double-Bit Axe
19:30 Castle Age
18:47 Horse Collar
22:23 Bow Saw
24:28 Caravan
27:12 Wheelbarrow
26:22 Town Watch
29:09 Bloodlines
28:59 Husbandry
30:49 Hand Cart
32:18 Scale Barding Armor
32:24 Forging
34:15 Masonry
34:02 Murder Holes
34:27 Fervor
34:38 Sanctity
34:53 Chain Barding Armor
35:09 Iron Casting
35:55 Gold Mining
35:56 Stone Mining
43:54 Imperial Age
43:57 Fletching
44:33 Ballistics
45:13 Plate Barding Armor
45:39 Blast Furnace
44:34 Bodkin Arrow
44:01 Heavy Camel Rider
47:16 Gold Shaft Mining
47:16 Stone Shaft Mining
47:42 Two-Man Saw
47:58 Chemistry
47:01 Heavy Plow
47:21 Imperial Camel Rider
47:39 Siege Elephant
professor
0:29 Loom
13:38 Feudal Age
15:00 Wheelbarrow
14:12 Double-Bit Axe
14:30 Man-at-Arms
14:56 Arson
15:01 Horse Collar
24:06 Castle Age
23:22 Forging
24:20 Fletching
25:19 Hand Cart
25:18 Bow Saw
24:57 Town Watch
26:53 Heavy Plow
35:05 Imperial Age
33:14 Pikeman
37:09 Chemistry
36:55 Town Patrol
39:21 Squires
40:56 Conscription
41:17 Caravan
42:45 Iron Casting
42:52 Elite Hussite Wagon
46:26 Houfnice
49:17 Hussite Reforms
[JRA] MELITIAN
6:37 Loom
12:10 Feudal Age
13:34 Wheelbarrow
12:46 Double-Bit Axe
17:28 Castle Age
16:47 Stone Mining
17:30 Horse Collar
21:08 Hand Cart
21:08 Squires
20:55 Arson
21:13 Gold Mining
23:55 Scale Mail Armor
24:06 Forging
27:38 Gold Shaft Mining
29:51 Caravan
30:17 Chain Mail Armor
30:37 Iron Casting
30:05 Padded Archer Armor
30:35 Bow Saw
35:08 Imperial Age
34:27 Fletching
34:54 Leather Archer Armor
35:39 Town Watch
37:23 Plate Mail Armor
38:04 Two-Man Saw
37:07 Heavy Plow
38:23 Shield Wall
38:25 Elite Hearth Troop
38:40 Sappers
39:37 Elite Varangian Guard
41:35 Conscription
42:39 Ring Archer Armor
42:04 Bodkin Arrow
anil44
1:23 Loom
13:47 Feudal Age
15:28 Double-Bit Axe
16:03 Gold Mining
17:08 Town Watch
18:00 Wheelbarrow
17:45 Horse Collar
21:52 Man-at-Arms
28:52 Castle Age
26:58 Padded Archer Armor
26:49 Fletching
27:01 Scale Mail Armor
29:57 Leather Archer Armor
29:38 Bodkin Arrow
29:57 Forging
30:04 Chain Mail Armor
30:05 Scale Barding Armor
31:05 Light Cavalry
31:56 Bloodlines
31:45 Pikeman
31:53 Elite Skirmisher
32:05 Crossbowman
33:02 Husbandry
33:39 Bow Saw
33:48 Heavy Plow
34:54 Town Patrol
35:32 Hand Cart
36:04 Thumb Ring
36:48 Squires
36:09 Long Swordsman
37:18 Chain Barding Armor
Bombardiro Croccodilo
11:52 Feudal Age
13:36 Double-Bit Axe
14:25 Horse Collar
20:45 Man-at-Arms
24:22 Castle Age
24:17 Padded Archer Armor
24:07 Fletching
24:54 Stone Mining
25:36 Bodkin Arrow
25:57 Leather Archer Armor
26:36 Bow Saw
28:07 Stone Shaft Mining
29:15 Gold Mining
29:23 Eagle Warrior
31:04 Scale Mail Armor
31:14 Forging
34:01 Iron Casting
35:45 Heavy Plow
42:28 Imperial Age
scandalous player
11:06 Feudal Age
15:49 Double-Bit Axe
15:58 Horse Collar
16:34 Scale Barding Armor
16:32 Scale Mail Armor
17:01 Forging
19:56 Gold Mining
24:25 Castle Age
27:43 Chain Barding Armor
27:38 Chain Mail Armor
31:03 Iron Casting
34:23 Bow Saw
34:16 Heavy Plow
34:55 Stone Mining
35:41 Gold Shaft Mining
37:27 Stone Shaft Mining
41:14 Imperial Age
39:14 Caravan
42:54 Two-Man Saw
42:19 Cavalier
46:25 Savar
04
1:19 Loom
11:49 Feudal Age
12:36 Horse Collar
12:45 Double-Bit Axe
19:26 Castle Age
17:56 Stone Mining
18:04 Gold Mining
21:16 Stone Shaft Mining
20:45 Heavy Plow
20:57 Bow Saw
26:34 Wheelbarrow
28:38 Husbandry
28:50 Bloodlines
28:53 Forging
30:33 Hand Cart
33:44 Imperial Age
31:15 Town Watch
30:58 Elite Skirmisher
31:48 Thumb Ring
31:52 Chatras
31:47 Fletching
31:57 Padded Archer Armor
32:11 Squires
31:57 Arson
33:05 Bodkin Arrow
33:26 Leather Archer Armor
33:46 Iron Casting
33:17 Scale Barding Armor
33:13 Scale Mail Armor
34:37 Elite Rattan Archer
36:49 Ballistics
37:30 Chemistry
38:40 Elite Battle Elephant
42:31 Bracer
42:47 Chain Mail Armor
47:53 Pikeman
Connection lost

Rejoining the realm…

Still unreachable

The connection could not be restored.

Session expired

The server has moved on; the page needs a fresh start.